 Dungeon Crawl Stone Soup version 0.31.0-32-g396128a36d (webtiles) character file.

Game seed: 6736226409154651067

4025 firemarshallily the Grappler (level 10, -7/153 HPs)
             Began as a Troll Gladiator on Mar 17, 2024.
             Was a Priest of Okawaru.
             Mangled by a spriggan
             ... wielding a +0 spear
              (13 damage)
             ... in a bailey.
             The game lasted 00:20:26 (5485 turns).

firemarshallily the Grappler (Troll Gladiator)      Turns: 5485, Time: 00:20:26

Health: -7/153     AC:  4    Str: 24 (26) XL:     10   Next: 4%
Magic:  9/9        EV: 11    Int:  4      God:    Okawaru [***...]
Gold:   494        SH:  0    Dex: 12 (13) Spells: 9/9 levels left

rFire   + .          .
                       - Unarmed
rCold   . . .        (no shield)
rNeg    . . .        a - +0 robe
rPois   .            b - melded +0 hat
rElec   .            (cloak currently unavailable)
rCorr   .            (gloves unavailable)
SInv    .            (boots unavailable)
Will    .....        (no amulet) Stlth
                     s - ring of protection from fire
HPRegen 1.25/turn    (no ring)
MPRegen 0.11/turn

%: no passive effects
@: berserking (expiring), beast-form, very quick
A: beast (slay +2), large, unfitting armour, claws 3, regeneration 1, shaggy fur
1, tough skin 1
a: Begin Untransformation, Renounce Religion, Heroism


You were in a bailey.
You worshipped Okawaru.
Okawaru was most pleased with you.
You were a hulking beast.
You visited 2 branches of the dungeon, and saw 9 of its levels.
You also visited: Bailey.

You collected 494 gold pieces.

Inventory:

Missiles
 c - 2 throwing nets
 h - 3 javelins (quivered)
 j - 16 poisoned darts
Armour
 a - a +0 robe (worn)
 b - a +0 hat (melded)
 u - a scarf of shadows
 N - a +0 cloak
Jewellery
 s - a ring of protection from fire (left claw)
Talismans
 p - a beast talisman (active)
 G - a maw talisman
Wands
 F - a wand of roots (6)
 I - a wand of flame (16)
 J - a wand of mindburst (11)
 K - a wand of polymorph (12)
 O - a wand of acid (12)
 Q - a wand of paralysis (8)
Scrolls
 e - 2 scrolls of fog
 n - 2 scrolls of teleportation
 q - a scroll of butterflies {unknown}
 t - a scroll of acquirement {unknown}
 v - a scroll of revelation
 x - a scroll of identify
 y - a scroll of silence {unknown}
 B - 2 scrolls of poison
 C - a scroll of blinking {unknown}
 L - a scroll of brand weapon {unknown}
 M - a scroll of fear {unknown}
 P - a scroll of immolation {unknown}
Potions
 f - a potion of berserk rage
 g - a potion of haste {unknown}
 i - a potion of cancellation {unknown}
 k - a potion of brilliance {unknown}
 l - 2 potions of magic
 m - a potion of mutation {unknown}
 o - 2 potions of curing {unknown}
 r - a potion of invisibility {unknown}
 w - a potion of ambrosia {unknown}
 z - a potion of attraction {unknown}
 D - a potion of might {unknown}
 H - a potion of enlightenment {unknown}


   Skills:
 * Level 7.3 Fighting
 - Level 1.7 Throwing
 + Level 5.4 Dodging
 * Level 9.1 Unarmed Combat
 + Level 5.0 Shapeshifting


You had 9 spell levels left.
You didn't know any spells.
Your spell library contained the following spells:

 Spells                   Type           Power      Damage    Failure   Level
 Apportation              Tloc           0%         N/A       50%         1
 Magic Dart               Conj           0%         1d3       50%         1
 Necrotise                Necr           0%         1d4       50%         1
 Sting                    Conj/Alch      0%         1d3       50%         1
 Searing Ray              Conj           0%         2d4       65%         2
 Fulminant Prism          Conj/Alch      0%         3d5       99%         4
 Summon Small Mammal      Summ           Unusable   N/A       N/A         1

Dungeon Overview and Level Annotations

Branches:
Dungeon (8/15)             Temple (1/1) D:6            Lair (0/5) D:8
 Bailey (1/1)

Altars:
Cheibriados
Dithmenos
Elyvilon
Fedhas
Gozag
Hepliaklqana
Kikubaaqudgha
Makhleb
Nemelex Xobeh
Okawaru
Qazlal
Ru
Sif Muna
Trog
Uskayaw
Vehumet
Wu Jian
Xom
Yredelemnul
The Shining One

Annotations:
D:8 Jeremiah


Innate Abilities, Weirdness & Mutations

You are a hulking beast.
Your limbs bulge with bestial killing power. (Slay +2)
You are too large for most types of armour.
You have claws for hands.
Your natural rate of healing is unusually fast.
You are covered in fur. (AC +1)
You have tough skin. (AC +1)


Message History

The spriggan closely misses you.
You claw the spriggan!
You kill the spriggan!
Okawaru accepts your kill.
The spriggan hits you from afar with a +0 spear!
* * * LOW HITPOINT WARNING * * *
Your Unarmed Combat skill increases to level 9!
Your Shapeshifting skill increases to level 5!
It was a potion of berserk rage.
A red film seems to cover your vision as you go berserk!
You feel yourself moving faster!
You feel mighty!
The spriggan hits you from afar with a +0 spear!
* * * LOW HITPOINT WARNING * * *
The spriggan hits you from afar with a +0 spear.
* * * LOW HITPOINT WARNING * * *
You feel a strong urge to attack something.
The spriggan hits you with a +0 spear!
* * * LOW HITPOINT WARNING * * *
The spriggan hits you with a +0 spear.
* * * LOW HITPOINT WARNING * * *
You barely miss the spriggan. The spriggan closely misses you.
Unknown command.
You closely miss the spriggan. The spriggan closely misses you.
You miss the spriggan. The spriggan completely misses you.
You miss the spriggan. The spriggan hits you with a +0 spear.
* * * LOW HITPOINT WARNING * * *
You claw the spriggan!
The spriggan is heavily wounded.
The spriggan hits you but does no damage.
You mangle the spriggan!!
You kill the spriggan!
Okawaru accepts your kill. The spriggan barely misses you.
You have reached level 10!
You claw the spriggan!
The spriggan is heavily wounded.
You closely miss the spriggan.
The spriggan is heavily wounded.
The spriggan hits you with a +0 spear!
You die...

#..## ##..#
#..## #...#
#..## #...#
♣..~~ #..~#
#..~~ #..~~
♣..~~ #..~#
#..~) #.)i#
#..~~ #..h#
##..## ##))##
♣#..## ##..##
♣♣..##
##..##♣#♣##..##
##.........##
##.......##
#########


You could see a spriggan.

Vanquished Creatures
  A two-headed ogre (D:7)
  Psyche (D:8)
  3 spriggans (Bailey)
  Sigmund (D:4)
  2 wyverns
  A steam dragon (D:6)
  A sky beast (D:8)
  2 black bears (D:4)
  4 ogres
  2 phantoms
  A kobold brigand (D:7)
  4 bullfrogs
  5 howler monkeys
  A bombardier beetle (D:5)
  A gnoll bouda (D:6)
  6 hounds
  4 jellies
  2 orc priests
  A sleepcap (D:7)
  2 iguanas (D:5)
  4 orc wizards
  9 gnolls
  8 adders
  4 ufetubi (D:6)
  5 dart slugs
  A ribbon worm (D:4)
  10 orcs
  A bat (D:1)
  10 endoplasms
  3 giant cockroaches
  5 goblins
  4 hobgoblins
  2 jackals (D:2)
  10 kobolds
  7 quokkas
  4 ball pythons
  5 frilled lizards
  A rat (D:1)
138 creatures vanquished.

Notes
Turn   | Place    | Note
-------+----------+-------------------------------------------
     0 | D:1      | firemarshallily the Troll Gladiator began the quest for the
                  | Orb.
     0 | D:1      | Reached XP level 1. HP: 19/19 MP: 0/0
    66 | D:1      | You fall into a shaft and drop 1 floor!
   112 | D:2      | Found a shimmering blue altar of Sif Muna.
   132 | D:2      | Reached XP level 2. HP: 28/28 MP: 1/1
   799 | D:1      | Found a faded altar of an unknown god.
   935 | D:1      | Reached XP level 3. HP: 35/35 MP: 2/2
  1600 | D:2      | Reached XP level 4. HP: 43/44 MP: 3/3
  1601 | D:2      | Reached skill level 1 in Shapeshifting
  1615 | D:3      | Reached skill level 4 in Unarmed Combat
  1622 | D:3      | Found a burning altar of Makhleb.
  1633 | D:3      | Found a glowing golden altar of the Shining One.
  1892 | D:3      | Reached XP level 5. HP: 28/52 MP: 4/4
  2142 | D:4      | Noticed a black bear
  2170 | D:4      | Killed a black bear
  2216 | D:4      | Reached XP level 6. HP: 54/61 MP: 5/5
  2462 | D:4      | Noticed Sigmund
  2469 | D:4      | Killed Sigmund
  2470 | D:4      | Reached skill level 5 in Unarmed Combat
  2579 | D:4      | Reached XP level 7. HP: 68/68 MP: 6/6
  3175 | D:5      | Entered Level 5 of the Dungeon
  3197 | D:5      | Reached skill level 6 in Unarmed Combat
  3863 | D:5      | Identified the +1 ring mail of Ucwafepn {rElec rC- Int+4
                  | Dex-5}
  3957 | D:6      | Reached XP level 8. HP: 73/79 MP: 7/7
  3966 | D:6      | Reached skill level 5 in Fighting
  4267 | D:6      | Found a staircase to the Ecumenical Temple.
  4309 | Temple   | Entered the Ecumenical Temple
  4347 | Temple   | Became a worshipper of Warmaster Okawaru
  4456 | D:6      | Reached skill level 7 in Unarmed Combat
  4770 | D:7      | Reached XP level 9. HP: 65/89 MP: 8/8
  4811 | D:7      | Reached * piety under Okawaru
  4838 | D:7      | Noticed a two-headed ogre
  4855 | D:7      | Killed a two-headed ogre
  4855 | D:7      | Reached ** piety under Okawaru
  4856 | D:7      | Reached skill level 8 in Unarmed Combat
  4988 | D:7      | Reached skill level 5 in Dodging
  5332 | D:8      | Noticed Jeremiah
  5337 | D:8      | Noticed a two-headed ogre
  5384 | D:8      | Found a staircase to the Lair.
  5387 | D:8      | Noticed Psyche
  5397 | D:8      | Killed Psyche
  5409 | D:8      | Reached *** piety under Okawaru
  5415 | D:8      | Found a flagged portal.
  5431 | Bailey   | Entered a bailey
  5471 | Bailey   | Identified the +1 fire dragon scales of Ushogge {+Inv rF++
                  | rC- Will+ Str+2 Dex-5}
  5476 | Bailey   | Reached skill level 9 in Unarmed Combat
  5476 | Bailey   | Reached skill level 5 in Shapeshifting
  5477 | Bailey   | HP: 6/139 [spriggan/+0 spear (10)]
  5477 | Bailey   | HP: 1/139 [spriggan/+0 spear (5)]
  5484 | Bailey   | Reached XP level 10. HP: 4/102 MP: 9/9
  5485 | Bailey   | Mangled by a spriggan

Illustrated notes

Levels and vault maps discovered:
D:1:      psy_arrival_radial01, layout_basic,
          shapermc_ecumenical_altar_mp_ritualfount, minmay_domino_2
D:2:      layout_basic, basic_altar
D:3:      layout_rooms, mainiacjoe_overflow_catwalk_spiral
D:4:      minmay_general_purpose_star, layout_basic, minmay_fractal_squares_5,
          uniq_sigmund
D:5:      layout_cave_pods, hangedman_abyss_or_decor_stabs,
          chequers_serial_rivers_micro_d
D:6:      layout_basic, temple_doors_cd, chequers_serial_rivers_micro_d,
          st_stairs_10
D:7:      layout_basic
D:8:      layout_loops_ring, lemuel_doored_altar, zin_statuary,
          lair_entry_dummy, enter_bailey_2, minmay_misc_feat_pillars,
          kennysheep_generic_room_16, uniq_psyche, uniq_pikel, uniq_joseph,
          uniq_jeremiah
Temple:   minmay_crystal_spiral_temple
Bailey:   bailey_polearm_enchanted_keep_hellmonk, bailey

Skill      XL: |  1  2  3  4  5  6  7  8  9 |
---------------+----------------------------+-----
Fighting       | 2 3 4 5 7 |  7.3
Shapeshifting  | 1 2 3 5 |  5.0
Unarmed Combat | 4 5 6 7 9 |  9.1
Dodging        | 3 4 5 |  5.4
Throwing       | |  1.7

Action                     |  1- 3 |  4- 6 |  7- 9 | 10-12 || total
---------------------------+-------+-------+-------+-------++-------
  Melee: Unarmed           |    70 |    71 |   207 |     2 ||   350
         Punch             |     2 |     1 |     7 |       ||    10
  Throw: Large rock        |       |     2 |     2 |       ||     4
         Javelin           |       |       |     3 |       ||     3
         Dart              |       |       |     1 |       ||     1
         Throwing net      |       |       |     1 |       ||     1
    Use: Scroll            |       |       |     7 |       ||     7
         Potion            |       |       |     3 |       ||     3
   Stab: Sleeping          |     2 |       |       |       ||     2
 Armour: Robe              |    31 |    40 |   122 |     1 ||   194
  Dodge: Dodged            |    38 |    29 |   102 |       ||   169
   Form: Beast             |     1 |       |       |       ||     1
